 Dungeon Crawl Stone Soup version 0.30-a0-137-gd8773701ce (webtiles) character file.

Game seed: 8734276205946357046

28122 bande the Severer (level 13, -8/114 HPs)
             Began as a Hill Orc Fighter on Sept 23, 2022.
             Was a High Priest of Beogh.
             Killed from afar by an ironbound frostheart (14 damage)
             ... by creeping frost
             ... in an ice cave.
             The game lasted 00:30:31 (18556 turns).

bande the Severer (Hill Orc Fighter)               Turns: 18556, Time: 00:30:32

Health: -8/114     AC: 25    Str: 20    XL:     13   Next: 36%
Magic:  20/20      EV:  6    Int:  8    God:    Beogh [*****.]
Gold:   851        SH: 11    Dex: 14    Spells: 12/12 levels left

rFire   x . .      SeeInvis .    N - +1 broad axe (vorpal)
rCold   + . .      Faith    .    c - +0 buckler
rNeg    . . .      Spirit   .    h - +0 plate armour
rPois   +          Reflect  +    e - +1 helmet
rElec   .          Harm     .    f - +0 cloak {rPois}
rCorr   .          Rampage  .    G - +0 pair of gloves
Will    .....                    C - +0 pair of boots
Stlth   ..........               k - amulet of reflection
HPRegen 0.29/turn                s - +4 ring of protection
MPRegen 0.17/turn                H - ring of ice

@: frozen, very slow
A: walk on water
a: Renounce Religion, Smiting, Recall Orcish Followers, Give Item to Named
Follower


You were in an ice cave.
You worshipped Beogh.
Beogh was extremely pleased with you.
You visited 3 branches of the dungeon, and saw 16 of its levels.
You also visited: Ice Cave.

You collected 1420 gold pieces.
You spent 569 gold pieces at shops.

Inventory:

Hand Weapons
 a - a +0 war axe
 L - a +2 flail of holy wrath
 N - a +1 vorpal broad axe (weapon)
Missiles
 F - 2 throwing nets (quivered)
Armour
 c - a +0 buckler (worn)
 e - a +1 helmet (worn)
 f - a +0 cloak of poison resistance (worn)
 h - a +0 plate armour (worn)
 C - a +0 pair of boots (worn)
 D - a +2 hat
 G - a +0 pair of gloves (worn)
Jewellery
 k - an amulet of reflection (around neck)
 p - a ring of fire
 s - a +4 ring of protection (left hand)
 v - a ring of fire
 y - a +4 ring of protection
 z - an amulet of faith
 H - a ring of ice (right hand)
 M - the ring of Sulawk {rN+ SInv}
   (You bought it in a shop on level 2 of the Orcish Mines)

   [ring of see invisible]

   rN:        It protects you from negative energy.
   SInv:      It lets you see invisible.
 P - an amulet of magic regeneration
Wands
 r - a wand of iceblast (10)
 t - a wand of charming (14)
 x - a wand of acid (4)
 B - a wand of mindburst (17)
 E - a wand of digging (2)
Scrolls
 j - 6 scrolls of teleportation
 m - 2 scrolls of enchant armour
 J - 3 scrolls of poison
 K - a scroll of amnesia
Potions
 b - a potion of resistance
 d - 4 potions of might
 g - 5 potions of flight
 i - 3 potions of mutation
 l - a potion of berserk rage
 n - 7 potions of curing
 o - 2 potions of haste
 q - 9 potions of ambrosia
 u - 3 potions of brilliance
 w - 2 potions of heal wounds
 A - 2 potions of magic
 I - a potion of invisibility
Miscellaneous
 O - a lightning rod (4/4)
 Q - a phial of floods


   Skills:
 + Level 10.3 Fighting
 + Level 16.0 Axes
 + Level 10.2 Armour
 - Level 0.2 Stealth
 + Level 9.8 Shields
 * Level 10.5 Invocations
 * Level 8.9 Evocations


You had 12 spell levels left.
You didn't know any spells.
Your spell library contained the following spells:

 Spells                   Type           Power      Damage    Failure   Level
 Apportation              Tloc           0%         N/A       100%        1
 Necrotise                Necr           0%         1d4       100%        1
 Summon Small Mammal      Summ           0%         N/A       100%        1
 Sublimation of Blood     Necr           0%         N/A       100%        2
 Wereblood                Tmut           0%         N/A       100%        2
 Frozen Ramparts          Ice            0%         1d1       100%        3
 Gell's Gravitas          Tloc           0%         N/A       100%        3
 Portal Projectile        Hex/Tloc       0%         N/A       100%        3
 Animate Dead             Necr           0%         N/A       100%        4
 Alistair's Intoxication  Tmut/Pois      0%         N/A       100%        5
 Haunt                    Necr/Summ      0%         N/A       100%        7
 Summon Hydra             Summ           0%         N/A       100%        7
 Infestation              Necr           0%         N/A       100%        8
 Polar Vortex             Ice            0%         N/A       100%        9


Dungeon Overview and Level Annotations

Branches:
Dungeon (11/15)            Temple (0/1) D:6            Lair (3/5) D:10
    Orc (2/2) D:10            Elf (0/3) Orc:2         IceCv (1/1)
  Swamp: Lair:2-3    Shoals: Lair:2-3     Snake: Lair:2-3    Spider: Lair:2-3

Altars:
Ashenzari
Cheibriados
Dithmenos
Elyvilon
Fedhas
Hepliaklqana
Kikubaaqudgha
Makhleb
Nemelex Xobeh
Okawaru
Sif Muna
Uskayaw
Vehumet
Wu Jian
Xom
Yredelemnul
Zin
The Shining One
Beogh

Shops:
D:2 (   Orc:2 [=!!

Annotations:
D:5 3 runed translucent doors, hawla's ghost, amateur DrCj
D:7 2 transporters, exclusions: ice statue and oklob plant, porpoise's ghost, novice DsGl


Message History

Unknown command.
You hit the death yak but do no damage.
The death yak is severely wounded.
The death yak gores you!
Unknown command.
You hit the death yak.
The death yak is severely wounded.
You slash the death yak! The ice encasing you melts away.
Your orc priest hits the death yak with a +0 short sword.
Unknown command.
You slash the death yak!
The death yak is almost dead.
You strike the helpless death yak from behind!
You hit the death yak but do no damage.
The death yak gores you but does no damage.
The ironbound frostheart calls freezing cold from the walls.
The frost grips you!! You partially resist.
* * * LOW HITPOINT WARNING * * *
You are encased in ice.
The death yak gores you!
* * * LOW HITPOINT WARNING * * *
Your orc priest barely misses the death yak.
You hit the death yak.
The death yak is almost dead.
You hit the death yak. The death yak gores you!!
* * * LOW HITPOINT WARNING * * *
The death yak gores you.
* * * LOW HITPOINT WARNING * * *
Your orc priest mumbles some strange prayers to Beogh against the death yak.
The death yak resists with almost no effort.
You slice the death yak!!
You kill the death yak!
Beogh accepts your kill.
Your orc priest looks more experienced.
You slash the death yak! The death yak gores you.
* * * LOW HITPOINT WARNING * * *
The ironbound frostheart calls freezing cold from the walls.
The frost grips you! You partially resist.
You die...

#o## #..##
##o..### #o##
#.o# #####.o#
#.o##
##o####.####.#
##oo###.o#
#oo.##..#
#†oo#oo##
#oo.##.##
##....o#
#ooo...#
#.⌠..##
##o#..##
#...##
##o##### ##..#
#o##@## ##..
##.#Y.# .##.
##o#Ypp...# #
.# #.#hh..#$[
# .###...# .#
#.## ## ##


You could see 2 death yaks, 2 ironbound frosthearts, 2 wolves and a friendly orc
priest.

Vanquished Creatures
  An ogre mage (Orc:2)
  3 death yaks (IceCv)
  2 black mambas
  An ice statue (IceCv)
  3 cane toads
  An unseen horror zombie (D:8)
  A kobold demonologist (D:9)
  2 trolls
  A queen bee (D:9)
  A hornet (D:10)
  8 polar bears (IceCv)
  A shadow (D:10)
  A wyvern (D:10)
  29 yaks
  2 steam dragons
  2 wargs (Orc:1)
  An acid dragon (D:9)
  A water moccasin (D:5)
  2 ice beasts
  5 orc warriors
  2 black bears (D:10)
  4 ogres
  11 wolves (IceCv)
  5 centaurs
  A phantom (D:6)
  4 bullfrogs
  2 kobold brigands
  3 necrophages
  3 gnoll sergeants
  2 scorpions
  A wight (D:8)
  23 killer bees
  2 howler monkeys
  4 centaur zombies (D:8)
  2 jellies
  Crazy Yiuf (D:7)
  A gnoll bouda (D:8)
  A human zombie (D:8)
  6 orc priests
  6 hounds
  Jessica (D:3)
  2 iguanas
  16 orc wizards
  3 killer bee zombies (D:8)
  17 gnolls
  5 adders
  2 shadow imps (D:5)
  2 white imps
  2 ufetubi
  3 worms
  3 dart slugs
  35 orcs
  2 bat zombies (D:3)
  5 endoplasms
  2 giant cockroaches
  3 goblins
  6 hobgoblins
  5 jackals
  3 quokkas
  2 ball pythons (D:4)
  7 bats
  2 frilled lizards
  15 kobolds
  A rat (D:2)
  A rat zombie (D:3)
297 creatures vanquished.

Vanquished Creatures (collateral kills)
  Gastronok (Orc:1)
  An orc warlord (Orc:2)
  An ogre mage (Orc:2)
  A death yak (IceCv)
  3 orc knights
  9 orc sorcerers
  An elephant (D:10)
  A cyclops (Orc:2)
  A black mamba (Lair:1)
  3 cane toads (Lair:1)
  3 polar bears (IceCv)
  5 trolls
  4 blink frogs (Lair:1)
  A wyvern (Lair:1)
  13 yaks
  4 nagas (Lair:2)
  5 wargs
  3 water moccasins
  12 orc warriors
  5 wolves (IceCv)
  4 ogres
  A centaur (D:10)
  2 bullfrogs (Lair:1)
  An electric eel (Lair:1)
  2 orc priests
  7 orc wizards
  11 orcs
105 creatures vanquished.

Vanquished Creatures (others)
  2 orc knights (IceCv)
  7 orc warriors
  An orc sorcerer (Orc:2)
  4 orc priests
  11 orc wizards
  25 orcs
  2 fungi
  5 plants
57 creatures vanquished.

Grand Total: 459 creatures vanquished

Notes
Turn   | Place    | Note
-------+----------+-------------------------------------------
     0 | D:1      | bande the Hill Orc Fighter began the quest for the Orb.
     0 | D:1      | Reached XP level 1. HP: 19/19 MP: 1/1
   207 | D:1      | Reached XP level 2. HP: 27/27 MP: 2/2
   350 | D:1      | Reached skill level 3 in Axes
   719 | D:2      | Reached XP level 3. HP: 26/33 MP: 3/3
   968 | D:2      | Reached skill level 4 in Axes
  1178 | D:2      | Found Fogavi's Weapon Shop.
  1386 | D:3      | Noticed Jessica
  1392 | D:3      | Killed Jessica
  1393 | D:3      | Reached XP level 4. HP: 40/40 MP: 4/4
  1539 | D:3      | Found a broken altar of Ashenzari.
  1666 | D:3      | Reached skill level 5 in Axes
  1672 | D:3      | Found an ancient bone altar of Kikubaaqudgha.
  1773 | D:3      | Reached XP level 5. HP: 45/46 MP: 5/5
  1931 | D:4      | Found a shadowy altar of Dithmenos.
  2247 | D:4      | Reached skill level 6 in Axes
  2247 | D:4      | Reached XP level 6. HP: 49/53 MP: 6/6
  2344 | D:4      | Found a glowing silver altar of Zin.
  2344 | D:4      | Found a glowing golden altar of the Shining One.
  2344 | D:4      | Found a white marble altar of Elyvilon.
  2888 | D:4      | Found an iron altar of Okawaru.
  2890 | D:4      | Found a blossoming altar of Fedhas.
  2890 | D:4      | Found an ancient bone altar of Kikubaaqudgha.
  2892 | D:4      | Found a sparkling altar of Nemelex Xobeh.
  2892 | D:4      | Found an iron altar of Okawaru.
  2892 | D:4      | Found a shimmering altar of Xom.
  2933 | D:4      | Found a burning altar of Makhleb.
  2935 | D:4      | Noticed a blizzard demon
  3058 | D:4      | Found an ornate altar of the Wu Jian Council.
  3357 | D:5      | Entered Level 5 of the Dungeon
  3518 | D:5      | Reached skill level 1 in Evocations
  3570 | D:5      | Reached skill level 7 in Axes
  3570 | D:5      | Reached XP level 7. HP: 60/60 MP: 7/7
  3604 | D:5      | Reached skill level 5 in Fighting
  3956 | D:5      | Found a hazy altar of Hepliaklqana.
  4224 | D:5      | Found a runed translucent gate.
  4225 | D:5      | Found a runed translucent gate.
  4231 | D:5      | Found a runed translucent gate.
  4232 | D:5      | Noticed hawla's ghost (amateur DrCj)
  4255 | D:5      | Reached skill level 8 in Axes
  4255 | D:5      | Reached skill level 5 in Armour
  4433 | D:5      | Reached XP level 8. HP: 68/68 MP: 8/8
  4770 | D:6      | Reached skill level 5 in Shields
  4810 | D:6      | Reached skill level 9 in Axes
  5285 | D:6      | Found a staircase to the Ecumenical Temple.
  5296 | D:6      | Identified the +1 ring mail of Happiness {rN+}
  5709 | D:7      | Noticed an oklob plant
  5721 | D:7      | Found a transporter.
  5798 | D:7      | Became a worshipper of Beogh the Brigand
  6129 | D:7      | Got the Collected Works on the Warped Glacier
  6144 | D:7      | Reached XP level 9. HP: 71/75 MP: 9/9
  6210 | D:7      | Reached skill level 1 in Invocations
  6251 | D:7      | Reached skill level 10 in Axes
  6302 | D:7      | Found a transporter.
  6312 | D:7      | Noticed porpoise's ghost (novice DsGl)
  6320 | D:7      | Noticed an ice statue
  6341 | D:7      | Found a snail-covered altar of Cheibriados.
  6679 | D:7      | Found a runed translucent door.
  6680 | D:7      | Noticed Crazy Yiuf
  6715 | D:7      | Found a shimmering blue altar of Sif Muna.
  6880 | D:7      | Killed Crazy Yiuf
  7596 | D:8      | Found a radiant altar of Vehumet.
  7647 | D:8      | Reached * piety under Beogh
  7648 | D:8      | Reached skill level 11 in Axes
  8288 | D:8      | Reached skill level 5 in Evocations
  8606 | D:8      | Reached XP level 10. HP: 79/84 MP: 13/13
  8674 | D:8      | You fall into a shaft and drop 2 floors!
  8674 | D:10     | Entered Level 10 of the Dungeon
  8700 | D:10     | Found a staircase to the Lair.
  8700 | D:10     | Noticed an elephant
  9244 | D:8      | Found an iron altar of Okawaru.
  9321 | D:8      | Reached skill level 5 in Invocations
  9335 | D:8      | Reached skill level 12 in Axes
  9394 | D:8      | Found a basalt altar of Yredelemnul.
  9439 | D:8      | Reached ** piety under Beogh
 11717 | D:9      | Found a hide-covered altar of Uskayaw.
 11728 | D:9      | Reached XP level 11. HP: 84/92 MP: 15/15
 12117 | D:9      | Reached skill level 13 in Axes
 12358 | D:9      | Reached *** piety under Beogh
 13075 | D:10     | Found a staircase to the Orcish Mines.
 13285 | Lair:1   | Entered Level 1 of the Lair of Beasts
 13319 | Lair:1   | Reached **** piety under Beogh
 13340 | Lair:1   | Reached skill level 14 in Axes
 13651 | Orc:1    | Entered Level 1 of the Orcish Mines
 13651 | Orc:1    | Noticed an orc sorcerer
 13658 | D:10     | Killed an orc sorcerer
 13903 | Orc:1    | Noticed an orc knight
 13931 | D:10     | Killed an orc knight
 14107 | Orc:1    | Gained Jorge as an ally
 14242 | Orc:1    | Gained Bogwik as an ally
 14295 | Orc:1    | Reached XP level 12. HP: 103/103 MP: 18/18
 14353 | Orc:1    | Noticed Gastronok
 14364 | Orc:1    | Killed Gastronok
 14416 | Orc:1    | Identified the +6 dagger of Blood-Lust {spect, Stlth+}
 14740 | Orc:2    | Entered Level 2 of the Orcish Mines
 14970 | Orc:2    | Found a staircase to the Elven Halls.
 15041 | Orc:2    | Noticed an ogre mage
 15056 | Orc:2    | Killed an ogre mage
 15236 | Orc:2    | Found Coxoirghith's Distillery.
 15252 | Orc:2    | Bought a potion of heal wounds for 90 gold pieces
 15275 | Orc:2    | Found an ancient bone altar of Kikubaaqudgha.
 15279 | Orc:2    | Reached ***** piety under Beogh
 15311 | Orc:2    | Noticed an ogre mage
 15334 | Orc:2    | Killed an ogre mage
 15625 | Orc:2    | Found a radiant altar of Vehumet.
 15668 | Orc:2    | Found a roughly hewn altar of Beogh.
 15670 | Orc:2    | Found Eggok's Antique Armour Boutique.
 15683 | Orc:2    | Found Leebipn's Distillery.
 15695 | Orc:2    | Found Eluschene's Jewellery Shop.
 15806 | Orc:2    | Bought the ring of Sulawk {rN+ SInv} for 419 gold pieces
 15815 | Orc:2    | Bought a potion of heal wounds for 60 gold pieces
 15858 | Orc:2    | Noticed an orc warlord
 15867 | Orc:2    | Killed an orc warlord
 15868 | Orc:2    | Reached skill level 15 in Axes
 17050 | Lair:2   | You fall into a shaft and drop 1 floor!
 17333 | Lair:2   | Found a frozen archway.
 17342 | IceCv    | Entered an ice cave
 17473 | IceCv    | Reached XP level 13. HP: 88/113 MP: 20/20
 17576 | IceCv    | Gained Bogward as an ally
 17576 | IceCv    | Gained Spirok as an ally
 17576 | IceCv    | Gained Koronagh as an ally
 17628 | IceCv    | Reached skill level 10 in Fighting
 17628 | IceCv    | Reached skill level 10 in Invocations
 17700 | IceCv    | Reached skill level 10 in Armour
 18278 | IceCv    | Reached skill level 16 in Axes
 18541 | IceCv    | Your ally Bogward died
 18545 | IceCv    | Your ally Koronagh died
 18550 | IceCv    | Your ally Spirok died
 18556 | IceCv    | Killed from afar by an ironbound frostheart

Illustrated notes

Levels and vault maps discovered:
D:1:      spicycebolla_arrival_ecumenical, layout_loops_ring, serial_forest,
          infiniplex_forest_clump_cross, infiniplex_forest_straight_2,
          infiniplex_forest_corner_1, infiniplex_forest_lined_4_way,
          minmay_misc_feat_more_columns
D:2:      minmay_diamond_boxcup, layout_basic, serial_shops, shop
D:3:      layout_basic, ashenzari_conservatory_becter,
          lemuel_zombie_altar_kikubaaqudgha, uniq_jessica
D:4:      layout_basic, dreamdust_divine_triumvirate, doesnt_xom_only_xom,
          nicolae_overflow_hidden_temple, makhleb_altar_promises_db,
          grunt_dithmenos_smoke_and_mirrors, minmay_pentangle
D:5:      layout_basic, mainiacjoe_overflow_24_doors, gammafunk_ghost_split
D:6:      nicolae_cairo_tiling, layout_cave_pools
D:7:      layout_loops_ring, marbit_many_paths, mainiacjoe_overflow_alcove_2,
          nzn_ghost_randoct, uniq_crazy_yiuf_cottage
D:8:      layout_basic, mainiacjoe_overflow_small_starburst,
          okawaru_metal_pillars_1_2, lemuel_mausoleum_altar_yredelemnul
D:9:      layout_roguey, lemuel_round_altar, special_room [special_room_bee],
          amcnicky_mini_rare_corridor_liquid
D:10:     layout_rooms, david_lair_generic, david_orc_4, grunt_ministairs_14
D:11:     layout_basic, zin_purify
Lair:1:   layout_hall_layers, grunt_megastairs_4, serial_bayou_shore_a,
          serial_bayou_shore_b
Lair:2:   layout_roguey, minmay_swamp_entry_reptiles,
          minmay_snake_entry_guardpost_small, portal_ice_cave_entry_pillars_1,
          nicolae_lair_lakeside_cave
Lair:3:   layout_roguey, gammafunk_ghost_berserking_beasts, lemuel_fruit_fields,
          grunt_megastairs_5
Orc:1:    layout_caves, nicolae_orc_sculptors_studio, uniq_gastronok
Orc:2:    kennysheep_orc_mage_school, layout_diamond_mine
IceCv:    ice_cave_caverns_01

Skill      XL: |  1  2  3  4  5  6  7  8  9 10 11 12 13 |
---------------+----------------------------------------+-----
Axes           | 3 4 5 6 7 8 9 11 12 14 15 16 | 16.0
Fighting       | 4 5 6 7 8 9 10 | 10.3
Armour         | 4 5 6 7 8 9 10 | 10.2
Shields        | 4 5 6 7 8 9 |  9.8
Evocations     | 1 2 3 5 6 7 8 |  8.9
Invocations    | 4 6 8 9 10 | 10.5
Stealth        | |  0.2

Action                   |  1- 3 |  4- 6 |  7- 9 | 10-12 | 13-15 || total
-------------------------+-------+-------+-------+-------+-------++-------
Melee: War axe           |    78 |   138 |   329 |   611 |       ||  1156
       Broad axe         |       |       |       |    72 |   139 ||   211
Invok: Convert to Beogh  |       |       |     1 |       |       ||     1
  Use: Scroll            |       |     5 |     7 |     8 |       ||    20
       Potion            |       |       |     1 |     2 |     2 ||     5
 Stab: Distracted        |       |       |       |     1 |     2 ||     3
Armor: Scale mail        |    29 |    46 |    83 |       |       ||   158
       Chain mail        |       |       |    86 |   437 |       ||   523
       Plate armour      |       |       |       |   108 |    65 ||   173
Dodge: Dodged            |    26 |    51 |   115 |   239 |    34 ||   465
Block: Buckler           |    36 |    72 |   195 |   484 |    82 ||   869
       Reflection        |     2 |     4 |     7 |     6 |     1 ||    20

Table legend: (Time is in decaauts)
 A = Elapsed time spent in this place.
 B = Non-inter-level travel time spent in this place.
 C = Inter-level travel time spent in this place.
 D = Time resting spent in this place.
 E = Time spent auto-exploring this place.
 F = Levels seen in this place.
 G = Mean time per level.
                   A        B        C        D        E       F      G
               +--------+--------+--------+--------+--------+-----+--------+
         Total |  18581 |  17892 |    689 |   4303 |  10387 |  17 | 1093.0 |
       Dungeon |  14253 |  13564 |    689 |   3769 |   7593 |  11 | 1295.7 |
          Lair |    991 |    991 |      0 |      0 |    784 |   3 |  330.3 |
  Orcish Mines |   2149 |   2149 |      0 |    347 |   1279 |   2 | 1074.5 |
      Ice Cave |   1187 |   1187 |      0 |    187 |    731 |   1 | 1187.0 |
               +--------+--------+--------+--------+--------+-----+--------+

Top non-repeatable levels by time:
     D:8: 3340 daAuts
    D:10: 2033 daAuts
     D:9: 1813 daAuts
   Orc:2: 1560 daAuts
     D:4: 1444 daAuts
     D:5: 1382 daAuts
     D:7: 1305 daAuts
   IceCv: 1187 daAuts
     D:6: 964 daAuts
     D:2: 747 daAuts
  Lair:1: 677 daAuts
     D:1: 650 daAuts
   Orc:1: 588 daAuts
     D:3: 570 daAuts
  Lair:2: 277 daAuts
